 Dungeon Crawl Stone Soup version 0.31-a0-640-g39d97e502b (webtiles) character file.

Game seed: 5029416148738559827

579 Rohain the Magician (level 7, -5/45 HPs)
             Began as a Djinni Fire Elementalist on Aug 27, 2023.
             Slain by a wight
             ... wielding a +0 dagger
              (8 damage)
             ... on level 4 of the Dungeon.
             The game lasted 00:05:51 (4325 turns).

Rohain the Magician (Djinni Fire Elementalist)      Turns: 4325, Time: 00:05:52

Health: -5/45      AC:  2    Str:  7    XL:     7   Next: 63%
Gold:   27         EV: 14    Int: 18    God:
                   SH:  0    Dex: 14

rFire   + + .        h - +2 dagger (protect)
rCold   x . .        (no shield)
rNeg    . . .        a - +0 robe
rPois   ∞            (no helmet)
rElec   .            (no cloak)
rCorr   .            (no gloves)
SInv    .            (boots unavailable)
Will    .....        (no amulet)
Stlth   ++           (no ring)
HPRegen 0.27/turn    (no ring)
MPRegen 0.00/turn

%: infuse magic (-6 HP)
@: flying
A: sickness immunity, fire resistance 2, cold vulnerability 1, float, innate
caster, HP casting, extra vitality 1
a: no special abilities


You were on level 4 of the Dungeon.
You visited 1 branch of the dungeon, and saw 4 of its levels.

You collected 186 gold pieces.
You spent 159 gold pieces at shops.

Inventory:

Hand Weapons
 h - a +2 dagger of protection (weapon)
Armour
 a - a +0 robe (worn)
Scrolls
 e - 2 scrolls of immolation
 i - a scroll of teleportation
 k - a scroll of identify
 l - a scroll of noise
 m - a scroll of fear
 n - 2 scrolls of enchant weapon
 p - a scroll of vulnerability {unknown}
Potions
 b - a potion of brilliance {unknown}
 c - 2 potions of curing
 d - a potion of lignification {unknown}
 f - 2 potions of attraction
 g - a potion of ambrosia {unknown}
 j - a potion of degeneration {unknown}
 o - a potion of heal wounds {unknown}
 q - a potion of invisibility {unknown}


   Skills:
 + Level 5.2 Dodging
 - Level 1.5 Stealth
 * Level 5.5 Spellcasting
 * Level 5.5 Conjurations
 * Level 5.5 Hexes
   Level 0.0 Charms
 * Level 5.5 Summonings
 * Level 5.5 Necromancy
 * Level 5.5 Translocations
 * Level 5.5 Transmutations
 * Level 5.5 Fire Magic
 * Level 5.5 Ice Magic
 * Level 5.5 Air Magic
 * Level 5.5 Earth Magic
 * Level 5.5 Poison Magic


You knew the following spells:

 Your Spells              Type           Power      Damage    Failure   Level
a - Foxfire               Conj/Fire      96%        2x1d8     1%          1
b - Scorch                Fire           48%        2d7       1%          2
c - Volatile Blastmotes   Fire/Tloc      48%        2d14      4%          3
d - Inner Flame           Hex/Fire       24%        N/A       4%          3
e - Flame Wave            Conj/Fire      24%        2d8       13%         4
f - Magic Dart            Conj           96%        1d7       1%          1
g - Poisonous Vapours     Pois/Air       48%        N/A       1%          2
h - Momentum Strike       Conj/Tloc      48%        3d9       1%          2
Your spell library was empty.

Dungeon Overview and Level Annotations

Branches:
Dungeon (4/15)
 Temple: D:4-7

Altars:
Hepliaklqana
Qazlal
Xom
Yredelemnul

Shops:
D:4 *?


Innate Abilities, Weirdness & Mutations

You are immune to sickness and miasma.
You are immune to poison.
Your flesh is very heat resistant. (rF++)
You are vulnerable to cold. (rC-)
You float through the air rather than walking.
You learn spells naturally, not from books.
Your magical power is your life essence.
You have superior vitality. (+4 MHP)


Message History

The wight is no longer more vulnerable to fire.
The foxfire hits the wight.
The wight is heavily damaged.
Casting: Foxfire (safe; 1% risk of failure)
Confirm with . or Enter, or press ? or * to list all spells.
You conjure some foxfire!
Unknown command.
Casting: Foxfire (safe; 1% risk of failure)
Confirm with . or Enter, or press ? or * to list all spells.
You conjure some foxfire!
The foxfire hits the wight.
The wight is heavily damaged.
The foxfire hits the wight but does no damage.
The wight barely misses you.
Casting: Foxfire (safe; 1% risk of failure)
Confirm with . or Enter, or press ? or * to list all spells.
Flames lash the wight.
The wight is moderately damaged.
The wight's fire resistance burns away.
The foxfire hits the wight.
The wight is severely damaged.
The foxfire hits the wight.
The wight is severely damaged.
The wight misses you. The wight attacks as it pursues you!
The wight misses you.
Casting: Scorch (safe; 1% risk of failure)
Confirm with . or Enter, or press ? or * to list all spells.
Flames lash the wight but do no damage.
The wight barely misses you. The wight hits you with a +0 dagger.
Casting: Scorch (safe; 1% risk of failure)
Confirm with . or Enter, or press ? or * to list all spells.
Flames lash the wight.
The wight is burned terribly!
You destroy the wight!
The wight misses you.
Casting: Scorch (safe; 1% risk of failure)
Confirm with . or Enter, or press ? or * to list all spells.
Flames lash the wight.
The wight is moderately damaged.
The wight's fire resistance burns away.
The wight hits you with a +0 scimitar!
* * * LOW HITPOINT WARNING * * *
The wight hits you with a +0 dagger!
You die...

........... ##......# .........
####.......# ..z....
#..........## ..... #.#..........
##### #z#.######### #.#.####.###.
....###.#..)z...z.###.#.###..# ##
###........######).#........## #
##........######.....##########
#.............@z.....# #.§.
#....[.....##.#z...#########...
#..........##......#.........).
#.........<.......[#.......[...
#.........>.##..#..#........###
##..z.....#.#...##.#........###
#........#....#...#........##.
######§###....................##.
..##)≈~≈.##...##.#.#.#...........


You could see 2 wights.

Vanquished Creatures
  Menkaure (D:4)
  A scorpion (D:4)
  3 wights (D:4)
  A hound (D:3)
  An orc priest (D:2)
  An iguana (D:2)
  An orc wizard (D:2)
  4 adders
  2 worms
  3 dart slugs
  10 orcs
  8 ball pythons
  5 endoplasms
  3 giant cockroaches
  7 goblins
  4 hobgoblins
  3 quokkas
  7 bats
  3 frilled lizards (D:2)
  6 kobolds
  6 rats
80 creatures vanquished.

Vanquished Creatures (collateral kills)
  4 foxfires
4 creatures vanquished.

Vanquished Creatures (others)
  326 foxfires
326 creatures vanquished.

Grand Total: 410 creatures vanquished

Notes
Turn   | Place    | Note
-------+----------+-------------------------------------------
     0 | D:1      | Rohain the Djinni Fire Elementalist began the quest for the
                  | Orb.
     0 | D:1      | Rohain set off with the following spells memorised:
                  | Foxfire, Scorch, Volatile Blastmotes, Inner Flame, Flame
                  | Wave.
     0 | D:1      | Reached XP level 1. HP: 15/15 MP: 0/0
   471 | D:1      | Reached XP level 2. HP: 19/21 MP: 0/0
  1450 | D:2      | Reached XP level 3. HP: 16/25 MP: 0/0
  1450 | D:2      | Learned a level 1 spell: Magic Dart
  1832 | D:2      | Reached XP level 4. HP: 26/31 MP: 0/0
  1853 | D:2      | Reached XP level 5. HP: 7/35 MP: 0/0
  1853 | D:2      | Learned a level 2 spell: Poisonous Vapours
  2227 | D:2      | Found a faded altar of an unknown god.
  2953 | D:3      | Found a stormy altar of Qazlal.
  2958 | D:3      | Found a hazy altar of Hepliaklqana.
  2958 | D:3      | Found a basalt altar of Yredelemnul.
  3414 | D:3      | Reached XP level 6. HP: 36/40 MP: 0/0
  3466 | D:4      | Noticed Menkaure
  3472 | D:4      | Killed Menkaure
  3637 | D:4      | Found Reekhy's Magic Scroll Shoppe.
  3646 | D:4      | Bought a scroll of identify for 22 gold pieces
  3646 | D:4      | Bought a scroll of noise for 11 gold pieces
  3646 | D:4      | Bought a scroll of fear for 44 gold pieces
  3646 | D:4      | Bought a scroll of enchant weapon for 82 gold pieces
  3717 | D:4      | Found a shimmering altar of Xom.
  3742 | D:4      | Reached skill level 5 in Spellcasting
  3742 | D:4      | Reached skill level 5 in Conjurations
  3742 | D:4      | Reached skill level 5 in Hexes
  3742 | D:4      | Reached skill level 5 in Summonings
  3742 | D:4      | Reached skill level 5 in Necromancy
  3742 | D:4      | Reached skill level 5 in Translocations
  3742 | D:4      | Reached skill level 5 in Transmutations
  3742 | D:4      | Reached skill level 5 in Fire Magic
  3742 | D:4      | Reached skill level 5 in Ice Magic
  3742 | D:4      | Reached skill level 5 in Air Magic
  3742 | D:4      | Reached skill level 5 in Earth Magic
  3742 | D:4      | Reached skill level 5 in Poison Magic
  3772 | D:4      | Reached XP level 7. HP: 42/45 MP: 0/0
  3772 | D:4      | Learned a level 2 spell: Momentum Strike
  3792 | D:4      | Found Kucianeg's General Store.
  4033 | D:4      | Reached skill level 5 in Dodging
  4325 | D:4      | Slain by a wight

Illustrated notes

Levels and vault maps discovered:
D:1:      amcnicky_arrival_underground_garden, layout_loops_corners,
          serial_forest, infiniplex_forest_lined_ring,
          infiniplex_forest_straight_3, infiniplex_forest_straight_1,
          infiniplex_forest_split, infiniplex_forest_end_double,
          infiniplex_forest_corner_1
D:2:      layout_loops_ring, hellmonk_ecumenical_altar_slurped_away,
          serial_bayou, serial_bayou_crossing, serial_bayou_pond_a,
          serial_bayou_pond_c, serial_bayou_lagoon_b, minmay_misc_feat_iff
D:3:      layout_basic, grunt_temple_overflow_open, minmay_misc_feat_encased,
          minmay_quantized
D:4:      layout_rooms, xom_redecorated, serial_shops, nicolae_shop_crystal,
          nicolae_shop_pleasant_corner_grove, hangedman_abyss_or_decor_passed,
          uniq_menkaure

Skill      XL: |  1  2  3  4  5  6  7 |
---------------+----------------------+-----
Spellcasting   | 4 5 |  5.5
Conjurations   | 4 5 |  5.5
Hexes          | 4 5 |  5.5
Summonings     | 4 5 |  5.5
Necromancy     | 4 5 |  5.5
Translocations | 4 5 |  5.5
Transmutations | 4 5 |  5.5
Fire Magic     | 4 5 |  5.5
Ice Magic      | 4 5 |  5.5
Air Magic      | 4 5 |  5.5
Earth Magic    | 4 5 |  5.5
Poison Magic   | 4 5 |  5.5
Dodging        | 3 4 5 |  5.2
Stealth        | |  1.5

Action                     |  1- 3 |  4- 6 |  7- 9 || total
---------------------------+-------+-------+-------++-------
  Melee: Dagger            |    15 |     1 |       ||    16
         Unarmed           |     1 |       |       ||     1
   Cast: Foxfire           |   106 |    87 |     4 ||   197
         Scorch            |     6 |    35 |    11 ||    52
         Poisonous Vapours |       |     1 |     2 ||     3
         Flame Wave        |       |       |     1 ||     1
         Volatile Blastmot |       |       |     1 ||     1
    Use: Scroll            |     4 |     2 |       ||     6
 Armour: Robe              |     3 |     5 |       ||     8
  Dodge: Dodged            |    14 |    13 |     8 ||    35

Table legend: (Time is in decaauts)
 A = Elapsed time spent in this place.
 B = Non-inter-level travel time spent in this place.
 C = Inter-level travel time spent in this place.
 D = Time resting spent in this place.
 E = Time spent auto-exploring this place.
 F = Levels seen in this place.
 G = Mean time per level.
                   A        B        C        D        E       F      G
               +--------+--------+--------+--------+--------+-----+--------+
         Total |   4324 |   4229 |     95 |    264 |   3342 |   4 | 1081.0 |
       Dungeon |   4324 |   4229 |     95 |    264 |   3342 |   4 | 1081.0 |
               +--------+--------+--------+--------+--------+-----+--------+

Top non-repeatable levels by time:
     D:1: 1426 daAuts
     D:2: 1270 daAuts
     D:3: 928 daAuts
     D:4: 699 daAuts
